 Dungeon Crawl Stone Soup version 0.28.0-43-g3370ac3207 (webtiles) character file.

Game seed: 9340152647760603217

58 smarlow the Shield-Bearer (level 3, 0/33 HPs)
             Began as a Minotaur Fighter on Feb 28, 2022.
             Slain by a gnoll
             ... wielding a +0 flail
              (8 damage)
             ... on level 2 of the Dungeon.
             The game lasted 00:01:12 (952 turns).

smarlow the Shield-Bearer (Minotaur Fighter)         Turns: 952, Time: 00:01:13

Health: 0/33       AC:  8    Str: 22    XL:     3   Next: 76%
Magic:  2/2        EV:  9    Int:  5    God:
Gold:   98         SH:  4    Dex:  9    Spells: 2/2 levels left

rFire   . . .      SeeInvis .   a - +0 war axe
rCold   . . .      Faith    .   c - +0 buckler
rNeg    . . .      Spirit   .   b - +0 scale mail
rPois   .          Reflect  .   (helmet restricted)
rElec   .          Harm     .   (no cloak)
rCorr   .          Rampage  .   k - +0 pair of gloves
Will    .....                   (no boots)
Stlth   ..........              (no amulet)
HPRegen 0.11/turn               (no ring)
MPRegen 0.08/turn               (no ring)

@: mighty
A: horns 2, retaliatory headbutt
a: no special abilities


You were on level 2 of the Dungeon.
You visited 1 branch of the dungeon, and saw 2 of its levels.

You collected 98 gold pieces.

Inventory:

Hand Weapons
 a - a +0 war axe (weapon)
Armour
 b - a +0 scale mail (worn)
 c - a +0 buckler (worn)
 k - a +0 pair of gloves (worn)
Scrolls
 e - a scroll of amnesia {unknown}
 i - a scroll of teleportation {unknown}
Potions
 f - a potion of berserk rage {unknown}
 g - a potion of degeneration {unknown}
 h - a potion of lignification {unknown}
 j - a potion of curing {unknown}
 l - a potion of heal wounds {unknown}
 m - a potion of mutation {unknown}


   Skills:
 + Level 4.2 Fighting
 + Level 3.2 Axes
 + Level 4.2 Armour
 + Level 4.2 Shields


You had 2 spell levels left.
You didn't know any spells.
Your spell library contained the following spells:

 Spells                   Type           Power      Damage    Failure   Level
 Call Canine Familiar     Summ           0%         N/A       99%         3
 Portal Projectile        Hex/Tloc       0%         N/A       99%         3
 Leda's Liquefaction      Hex/Erth       0%         N/A       100%        4


Dungeon Overview and Level Annotations

Branches:
Dungeon (2/15)

Altars:


Innate Abilities, Weirdness & Mutations

You have a pair of horns on your head.
You reflexively headbutt those who attack you in melee.


Message History

A gnoll comes into view. It is wielding a +0 flail.
Found a ring mail.
The gnoll shouts!
A hobgoblin comes into view.
A rat comes into view.
A gnoll comes into view. It is wielding a +0 spear.
Found a stone staircase leading up.
The gnoll closely misses you. You furiously retaliate!
You headbutt the gnoll! You hit the gnoll.
The gnoll is almost dead.
The gnoll hits you but does no damage.
A rat comes into view.
The gnoll hits you but does no damage.
You closely miss the gnoll. You headbutt the gnoll.
You kill the gnoll!
You closely miss the gnoll. The gnoll hits you with a +0 whip.
You hit the gnoll but do no damage. You slash the gnoll!
The gnoll hits you but does no damage. The gnoll hits you with a +0 flail.
You block the gnoll's attack.
You barely miss the gnoll.
The gnoll is heavily wounded.
You barely miss the gnoll. The gnoll hits you with a +0 flail!
The gnoll hits you with a +0 whip. The gnoll hits you but does no damage.
The gnoll hits you with a +0 flail.
* * * LOW HITPOINT WARNING * * *
The rat bites you.
* * * LOW HITPOINT WARNING * * *
The gnoll barely misses you.
You feel very mighty all of a sudden. The gnoll hits you but does no damage.
You slice the gnoll!!
You kill the gnoll!
You barely miss the hobgoblin. You block the hobgoblin's attack.
The hobgoblin hits you but does no damage.
You slice the hobgoblin!!
You kill the hobgoblin!
The gnoll hits you but does no damage.
You hit the gnoll but do no damage.
The gnoll is heavily wounded.
The gnoll hits you but does no damage. The gnoll hits you with a +0 flail!
You die...

#.....[...
#.........
#........<
#.........
#......... #
#......... #.
#..)......
#.######r........
##.....@gg########
#......#####....#
+......# #....#
#......# #....#
#......# #....#
#......#####....#
#...............#
#...............#
#...............#


You could see 2 gnolls and a rat.

Vanquished Creatures
  2 gnolls (D:2)
  2 dart slugs (D:1)
  3 orcs (D:2)
  5 endoplasms
  2 giant cockroaches
  A goblin (D:2)
  4 hobgoblins
  3 kobolds
  3 quokkas
  2 bats
  2 rats (D:1)
29 creatures vanquished.

Notes
Turn   | Place    | Note
-------+----------+-------------------------------------------
     0 | D:1      | smarlow the Minotaur Fighter began the quest for the Orb.
     0 | D:1      | Reached XP level 1. HP: 19/19 MP: 0/0
   107 | D:1      | Reached XP level 2. HP: 27/27 MP: 1/1
   632 | D:2      | Reached XP level 3. HP: 18/33 MP: 2/2
   952 | D:2      | Slain by a gnoll

Illustrated notes

Levels and vault maps discovered:
D:1:      scummos_arrival_hexagon, layout_rooms, lemuel_another_geyser
D:2:      layout_basic, hangedman_decor_clover_reticule, minivault_26,
          uniq_natasha, uniq_terence

Skill      XL: |  1  2 |
---------------+-------+-----
Armour         | 4 |  4.2
Fighting       | 4 |  4.2
Shields        | 4 |  4.2
Axes           | 3 |  3.2

Action                   || total
-------------------------++-------
Melee: War axe           ||    51
       Headbutt          ||     7
  Use: Potion            ||     1
Armor: Scale mail        ||    32
Dodge: Dodged            ||    25
Block: Buckler           ||    15
